cohdb
Replays
Latest Replays
All Replays
Popular Replays
Top Player Replays
Match Explorer
How It Works
Community
CoH3 Stats
Reddit
Sign in to upload your games and track your stats! →
Sign in with Steam
Match 37908870
Unlisted
Match 37908870
Overview
Messages
Build Orders
End
Panzergrenadier Squad
Panzergrenadier Squad
Construct Light Support Kompanie
Assault Grenadier Squad
Assault Grenadier Squad
Construct Mechanized Kompanie
MG34 Team
Marder III Tank Destroyer
Marder III Tank Destroyer
Assault Mechanized Group
Selects Italian Infantry
Selects Italian Infantry
Selects Defensive Operations
Selects Territory Booby Traps
Marder III Tank Destroyer
Selects Obice 305mm Barrage
Construct Panzerarmee Kommand
Flak 36 Anti-tank Gun Team
Selects Guastatori Squad
Selects Registered Artillery
Flak 36 Anti-tank Gun Team
Registered Artillery
Armored Reserves
Obice 305mm Barrage
Flak 36 Anti-tank Gun Team
Registered Artillery
Panzer IV Assault Group
Registered Artillery
Flak 36 Anti-tank Gun Team
JohnGrammaticus
Cintrea
aldivx
Voodoo408
Dreamerpython
Bikini Bottom Jellyfish Hunter
一十四叔
IronPixie
0
0
Comments
sign in to comment!
No comments posted yet!